APP
MISSOULA OSPREY @ GRAND JUNCTION ROCKIES
10/10/2044
 
TOP OF THE 1ST
Grand Junction Rockies batting - Pitching for Missoula Osprey : RHP Manuel Reyes
Pitching: RHP Manuel Reyes
Batting: LHB Jordan Garcia 0-0: Ball
1-0: SINGLE (Line Drive, 9S, EV 91.3 MPH)
Batting: SHB Ramiro Rendina 0-0: Ball
Passed Ball!
Jordan Garcia to second
1-0: Swinging Strike
1-1: Ball
Passed Ball!
Jordan Garcia to third
2-1: Called Strike
2-2: Strikes out swinging
Batting: RHB Joe Robinson 0-0: Foul Ball, location: 2F
0-1: Ball
1-1: Fly out, F8 (Flyball, 8LM, EV 94.4 MPH)
Batting: RHB Heitor Bulho 0-0: Foul Ball, location: 2F
0-1: Foul Ball, location: 2F
0-2: Ground out 4-3 (Groundball, 4, EV 106.9 MPH)
Top of the 1st over - 0 runs, 1 hit, 0 errors, 1 left on base; Grand Junction 0 - Missoula 0
BOTTOM OF THE 1ST
Missoula Osprey batting - Pitching for Grand Junction Rockies : RHP Nobuo Okazaki
Pitching: RHP Nobuo Okazaki
Batting: LHB Tim West 0-0: Ball
1-0: Called Strike
1-1: Ball
2-1: Ball
3-1: Base on Balls
Batting: LHB Chris Coleman 0-0: Ball
1-0: Ball
2-0: Ball
3-0: Called Strike
3-1: Swinging Strike
3-2: Foul Ball, location: 2F
3-2: Strikes out swinging
Batting: LHB Johnny Cabrera 0-0: Ball
Tim West is caught stealing 2nd base 2-6
1-0: Ball
2-0: Ground out 1-3 (Groundball, 15S, EV 68.1 MPH)
Bottom of the 1st over - 0 runs, 0 hits, 0 errors, 0 left on base; Grand Junction 0 - Missoula 0
TOP OF THE 2ND
Grand Junction Rockies batting - Pitching for Missoula Osprey : RHP Manuel Reyes
Batting: LHB Franklin Sanchez 0-0: Ball
1-0: Ball
2-0: Ball
3-0: Called Strike
3-1: Base on Balls
Batting: RHB Masahide Asano 0-0: Ball
Passed Ball!
Franklin Sanchez to second
1-0: Ball
2-0: Ball
3-0: Called Strike
3-1: Ground out 1-3 (Groundball, 13S, EV 65.6 MPH)
Franklin Sanchez to third
Batting: LHB Craig Tucker 0-0: Ball
1-0: Called Strike
1-1: Fly out, F9 (Line Drive, 9, EV 93.8 MPH)
Runner from 3rd tags up, SCORES, throw by RF
Batting: RHB Pat Stovall 0-0: Foul Ball, location: 2F
0-1: Ground out 3-1 (Groundball, 34S, EV 72.5 MPH)
Top of the 2nd over - 1 run, 0 hits, 0 errors, 0 left on base; Grand Junction 1 - Missoula 0
BOTTOM OF THE 2ND
Missoula Osprey batting - Pitching for Grand Junction Rockies : RHP Nobuo Okazaki
Batting: RHB Hang-ki Yin 0-0: Hit by Pitch
Batting: LHB Rob Turney 0-0: Ball
1-0: Ground out U3 (Groundball, 3, EV 93.1 MPH)
Hang-ki Yin to second
Batting: RHB Keith Turner 0-0: Swinging Strike
0-1: Swinging Strike
0-2: Strikes out swinging
Batting: RHB Ken Cohan 0-0: Ground out 1-3 (Groundball, 13, EV 83.1 MPH)
Bottom of the 2nd over - 0 runs, 0 hits, 0 errors, 1 left on base; Grand Junction 1 - Missoula 0
TOP OF THE 3RD
Grand Junction Rockies batting - Pitching for Missoula Osprey : RHP Manuel Reyes
Batting: RHB Nobuo Okazaki 0-0: Fly out, F8 (Flyball, 8RS, EV 84.4 MPH)
Batting: LHB Jordan Garcia 0-0: Called Strike
0-1: Ball
1-1: Ground out 6-3 (Groundball, 4M, EV 85.0 MPH)
Batting: SHB Ramiro Rendina 0-0: Ball
1-0: Ball
2-0: Ball
3-0: Called Strike
3-1: SINGLE (Flyball, 9S, EV 87.5 MPH)
Batting: RHB Joe Robinson 0-0: Ball
1-0: Called Strike
Ramiro Rendina steals 2nd base
1-1: Ball
Passed Ball!
Ramiro Rendina to third
2-1: Foul Ball, location: 2F
2-2: Ball
Wild Pitch!
Ramiro Rendina scores
3-2: Ground out 1-3 (Groundball, 15S, EV 70.0 MPH)
Top of the 3rd over - 1 run, 1 hit, 0 errors, 0 left on base; Grand Junction 2 - Missoula 0
BOTTOM OF THE 3RD
Missoula Osprey batting - Pitching for Grand Junction Rockies : RHP Nobuo Okazaki
Batting: RHB Evan Barron 0-0: Ground out 4-3 (Groundball, 4, EV 84.4 MPH)
Batting: LHB Manuel Reyes 0-0: Ball
1-0: Swinging Strike
1-1: Fly out, F8 (Line Drive, 8RD, EV 91.3 MPH)
Batting: LHB Tim West 0-0: Ball
1-0: Called Strike
1-1: Ball
2-1: Foul Ball, location: 2F
2-2: SINGLE (Groundball, 56, EV 108.1 MPH) (infield hit)
Batting: LHB Chris Coleman 0-0: Ball
Tim West is caught stealing 2nd base 2-6
Bottom of the 3rd over - 0 runs, 1 hit, 0 errors, 0 left on base; Grand Junction 2 - Missoula 0
TOP OF THE 4TH
Grand Junction Rockies batting - Pitching for Missoula Osprey : RHP Manuel Reyes
Batting: RHB Heitor Bulho 0-0: Ball
1-0: Ground out 4-3 (Groundball, 4, EV 98.1 MPH)
Batting: LHB Franklin Sanchez 0-0: Foul Ball, location: 2F
0-1: Called Strike
0-2: Ball
1-2: Foul Ball, location: 2F
1-2: Ball
2-2: Foul Ball, location: 2F
2-2: Ball
3-2: Base on Balls
Batting: RHB Masahide Asano 0-0: Ball
1-0: Called Strike
1-1: Ball
Wild Pitch!
Franklin Sanchez to second
2-1: Swinging Strike
2-2: Strikes out looking
Batting: LHB Craig Tucker 0-0: Ball
Wild Pitch!
Franklin Sanchez to third
1-0: Ball
2-0: Foul Ball, location: 2F
2-1: Swinging Strike
2-2: Ball
3-2: Base on Balls
Batting: RHB Pat Stovall 0-0: Called Strike
0-1: Ball
1-1: Ball
Craig Tucker steals 2nd base
2-1: Swinging Strike
2-2: Foul Ball, location: 2F
2-2: Ground out 6-3 (Groundball, 6S, EV 70.0 MPH)
Top of the 4th over - 0 runs, 0 hits, 0 errors, 2 left on base; Grand Junction 2 - Missoula 0
BOTTOM OF THE 4TH
Missoula Osprey batting - Pitching for Grand Junction Rockies : RHP Nobuo Okazaki
Batting: LHB Chris Coleman 0-0: Ball
1-0: Foul Ball, location: 2F
1-1: Swinging Strike
1-2: Strikes out swinging
Batting: LHB Johnny Cabrera 0-0: Ball
1-0: Called Strike
1-1: DOUBLE (Line Drive, 3D, EV 109.4 MPH)
Batting: RHB Hang-ki Yin 0-0: Ball
1-0: Swinging Strike
1-1: Swinging Strike
1-2: Ball
2-2: Foul Ball, location: 2F
2-2: Strikes out swinging
Batting: LHB Rob Turney 0-0: Foul Ball, location: 2F
0-1: Ground out 5-3 (Groundball, 5, EV 89.4 MPH)
Bottom of the 4th over - 0 runs, 1 hit, 0 errors, 1 left on base; Grand Junction 2 - Missoula 0
TOP OF THE 5TH
Grand Junction Rockies batting - Pitching for Missoula Osprey : RHP Manuel Reyes
Batting: RHB Nobuo Okazaki 0-0: Ball
1-0: Ball
2-0: Foul Ball, location: 2F
2-1: Foul Ball, location: 2F
2-2: Ground out 6-3 (Groundball, 6, EV 85.6 MPH)
Pitching: RHP Esteban Torres
Now at 3B: Michael Johnston
Batting: LHB Jordan Garcia 0-0: Ball
1-0: Ball
2-0: Called Strike
2-1: Foul Ball, location: 2F
2-2: Ball
3-2: Base on Balls
Batting: SHB Ramiro Rendina 0-0: Called Strike
0-1: Swinging Strike
0-2: Ball
1-2: Foul Ball, location: 2F
1-2: Ball
Jordan Garcia steals 2nd base
2-2: SINGLE (Groundball, 6MD, EV 106.9 MPH)
Jordan Garcia to third
Batting: RHB Joe Robinson 0-0: Called Strike
Ramiro Rendina steals 2nd, throwing error, E2
Jordan Garcia scores
Ramiro Rendina to third
0-1: Foul Ball, location: 2F
0-2: Ball
Passed Ball!
Ramiro Rendina scores
1-2: Fly out, F7 (Line Drive, 7D, EV 101.9 MPH)
Batting: RHB Heitor Bulho 0-0: Called Strike
0-1: Ball
1-1: SINGLE (Line Drive, 6D, EV 107.5 MPH)
Batting: LHB Franklin Sanchez 0-0: Ball
1-0: Ball
2-0: Ball
Passed Ball!
Heitor Bulho to second
3-0: Base on Balls
Batting: RHB Masahide Asano 0-0: Ball
1-0: Ball
Passed Ball!
Heitor Bulho to third
Franklin Sanchez to second
2-0: Called Strike
2-1: Called Strike
2-2: Ball
3-2: Foul Ball, location: 2F
3-2: SINGLE (Groundball, 34D, EV 105.0 MPH)
Heitor Bulho scores
Franklin Sanchez to third
Franklin Sanchez scores
Pitching: RHP Evan Kazor
Batting: LHB Craig Tucker 0-0: Ball
Passed Ball!
Masahide Asano to second
1-0: SINGLE (Groundball, 34D, EV 108.8 MPH)
Masahide Asano to third
Runner from 3rd tries for Home, SAFE, throw by RF to home
Batting: RHB Pat Stovall 0-0: Ball
1-0: Ball
Craig Tucker steals 2nd base
2-0: Called Strike
2-1: Ball
Wild Pitch!
Craig Tucker to third
3-1: Ground out 5-3 (Groundball, 56, EV 83.1 MPH)
Top of the 5th over - 5 runs, 4 hits, 1 error, 1 left on base; Grand Junction 7 - Missoula 0
BOTTOM OF THE 5TH
Missoula Osprey batting - Pitching for Grand Junction Rockies : RHP Nobuo Okazaki
Batting: RHB Keith Turner 0-0: SINGLE (Groundball, 56, EV 85.6 MPH) (infield hit)
Batting: RHB Ken Cohan 0-0: Swinging Strike
0-1: Ball
1-1: Ball
2-1: Ball
3-1: Grounds into double play, 5-4-3 (Groundball, 56, EV 78.8 MPH)
Batting: RHB Evan Barron 0-0: Ground out 6-3 (Groundball, 6, EV 75.0 MPH)
Bottom of the 5th over - 0 runs, 1 hit, 0 errors, 0 left on base; Grand Junction 7 - Missoula 0
TOP OF THE 6TH
Grand Junction Rockies batting - Pitching for Missoula Osprey : RHP Evan Kazor
Batting: RHB Nobuo Okazaki 0-0: Ball
1-0: Fly out, F7 (Flyball, 7LS, EV 93.1 MPH)
Batting: LHB Jordan Garcia 0-0: Hit by Pitch
Batting: SHB Ramiro Rendina 0-0: Ball
1-0: Called Strike
1-1: Swinging Strike
Passed Ball!
Jordan Garcia to second
1-2: Ball
Passed Ball!
Jordan Garcia to third
2-2: Foul Ball, location: 2F
2-2: Ball
Passed Ball!
Jordan Garcia scores
3-2: Foul Ball, location: 2F
3-2: Fly out, F8 (Line Drive, 8LD, EV 91.3 MPH)
Batting: RHB Joe Robinson 0-0: Foul Ball, location: 2F
0-1: Called Strike
0-2: Foul Ball, location: 2F
0-2: Ball
1-2: Strikes out swinging
Top of the 6th over - 1 run, 0 hits, 0 errors, 0 left on base; Grand Junction 8 - Missoula 0
BOTTOM OF THE 6TH
Missoula Osprey batting - Pitching for Grand Junction Rockies : RHP Nobuo Okazaki
Batting: RHB Evan Kazor 0-0: Foul Ball, location: 2F
0-1: Foul Ball, location: 2F
0-2: Ball
1-2: Strikes out swinging
Batting: LHB Tim West 0-0: Ball
1-0: SINGLE (Groundball, 56S, EV 68.1 MPH) (infield hit)
Batting: LHB Chris Coleman 0-0: Ball
1-0: Fly out, F8 (Line Drive, 8LD, EV 102.5 MPH)
Batting: LHB Johnny Cabrera 0-0: Ball
1-0: Ball
2-0: Called Strike
2-1: Foul Ball, location: 2F
2-2: Ball
Tim West steals 2nd base (no throw)
3-2: Ground out U3 (Groundball, 3, EV 97.5 MPH)
Bottom of the 6th over - 0 runs, 1 hit, 0 errors, 1 left on base; Grand Junction 8 - Missoula 0
TOP OF THE 7TH
Grand Junction Rockies batting - Pitching for Missoula Osprey : RHP Evan Kazor
Batting: RHB Heitor Bulho 0-0: Ball
1-0: Foul Ball, location: 2F
1-1: SOLO HOME RUN (Flyball, 7LD, EV 87.5 MPH), Distance : 332 ft
Batting: LHB Franklin Sanchez 0-0: Swinging Strike
0-1: DOUBLE (Line Drive, 3D, EV 94.4 MPH)
Batting: RHB Masahide Asano 0-0: Ball
1-0: Swinging Strike
1-1: Ground out U3 (Groundball, 3S, EV 71.3 MPH)
Franklin Sanchez to third
Batting: LHB Craig Tucker 0-0: Foul Ball, location: 2F
0-1: Called Strike
0-2: Ball
1-2: Strikes out looking
Batting: RHB Pat Stovall 0-0: Called Strike
0-1: Ball
Wild Pitch!
Franklin Sanchez scores
1-1: Foul Ball, location: 2F
1-2: Foul Ball, location: 2F
1-2: Foul Ball, location: 2F
1-2: SINGLE (Groundball, 6MD, EV 95.0 MPH)
Batting: RHB Nobuo Okazaki 0-0: Called Strike
0-1: SINGLE (Line Drive, 56, EV 106.3 MPH)
Pat Stovall to second
Batting: LHB Jordan Garcia 0-0: Ball
Wild Pitch!
Pat Stovall to third
Nobuo Okazaki to second
1-0: Ball
2-0: Ball
3-0: Called Strike
3-1: SINGLE (Groundball, 3D, EV 98.1 MPH)
Pat Stovall scores
Nobuo Okazaki to third
Runner from 3rd tries for Home, SAFE, throw by RF to home
Jordan Garcia to second
Pinch Hitting: RHB Ronaldo Eli 0-0: Called Strike
0-1: Foul Ball, location: 2F
0-2: Ball
1-2: Ball
2-2: DOUBLE (Line Drive, 78D, EV 105.6 MPH)
Jordan Garcia scores
Pitching: RHP Branco van Balen
Batting: RHB Joe Robinson 0-0: DOUBLE (Groundball, 5L, EV 94.4 MPH)
Ronaldo Eli scores
Batting: RHB Heitor Bulho 0-0: Foul Ball, location: 2F
0-1: Foul Ball, location: 2F
0-2: Foul Ball, location: 2F
0-2: Ball
1-2: Ball
2-2: Strikes out swinging
Top of the 7th over - 6 runs, 7 hits, 0 errors, 1 left on base; Grand Junction 14 - Missoula 0
BOTTOM OF THE 7TH
Missoula Osprey batting - Pitching for Grand Junction Rockies : RHP Nobuo Okazaki
Now in CF: Ronaldo Eli
Batting: RHB Hang-ki Yin 0-0: Called Strike
0-1: Ball
1-1: Swinging Strike
1-2: Ball
2-2: Ball
3-2: Foul Ball, location: 2F
3-2: Strikes out looking
Pitching: RHP Willie Sotelo
Batting: RHB Michael Johnston 0-0: Called Strike
0-1: Foul Ball, location: 2F
0-2: Ball
1-2: Ground out 4-3 (Groundball, 4, EV 85.6 MPH)
Batting: RHB Keith Turner 0-0: Ground out 6-3 (Groundball, 6S, EV 71.9 MPH)
Bottom of the 7th over - 0 runs, 0 hits, 0 errors, 0 left on base; Grand Junction 14 - Missoula 0
TOP OF THE 8TH
Grand Junction Rockies batting - Pitching for Missoula Osprey : RHP Branco van Balen
Batting: LHB Franklin Sanchez 0-0: Ball
1-0: Ball
2-0: Ball
3-0: Called Strike
3-1: Called Strike
3-2: Foul Ball, location: 2F
3-2: Base on Balls
Pinch Hitting: RHB Collin Hillary 0-0: Ball
Passed Ball!
Franklin Sanchez to second
1-0: Called Strike
1-1: Ball
Wild Pitch!
Franklin Sanchez to third
2-1: Ball
3-1: Called Strike
3-2: Ground out 3-1 (Groundball, 34, EV 81.3 MPH)
Franklin Sanchez scores
Batting: LHB Craig Tucker 0-0: Swinging Strike
0-1: Called Strike
0-2: Ball
1-2: Strikes out looking
Batting: RHB Pat Stovall 0-0: Ball
1-0: Called Strike
1-1: SOLO HOME RUN (Flyball, 7LD, EV 108.1 MPH), Distance : 329 ft
Batting: RHB Willie Sotelo 0-0: Called Strike
0-1: Fly out, F9 (Flyball, 9D, EV 110.0 MPH)
Top of the 8th over - 2 runs, 1 hit, 0 errors, 0 left on base; Grand Junction 16 - Missoula 0
BOTTOM OF THE 8TH
Missoula Osprey batting - Pitching for Grand Junction Rockies : RHP Willie Sotelo
Now in LF: Collin Hillary
Batting: RHB Ken Cohan 0-0: Called Strike
0-1: Called Strike
0-2: Ball
1-2: Fly out, F7 (Flyball, 78S, EV 71.9 MPH)
Batting: RHB Evan Barron 0-0: Ball
1-0: Foul Ball, location: 2F
1-1: Swinging Strike
1-2: Strikes out swinging
Batting: RHB Branco van Balen 0-0: Called Strike
0-1: Fly out, F9 (Line Drive, 9, EV 85.6 MPH)
Bottom of the 8th over - 0 runs, 0 hits, 0 errors, 0 left on base; Grand Junction 16 - Missoula 0
TOP OF THE 9TH
Grand Junction Rockies batting - Pitching for Missoula Osprey : RHP Branco van Balen
Batting: LHB Jordan Garcia 0-0: Ball
1-0: Called Strike
1-1: Ball
2-1: Foul Ball, location: 2F
2-2: Ground out U3 (Groundball, 34D, EV 106.3 MPH)
Batting: RHB Ronaldo Eli 0-0: Called Strike
0-1: Ball
1-1: Foul Ball, location: 2F
1-2: Ground out U3 (Groundball, 3, EV 83.1 MPH)
Pinch Hitting: RHB Ramon Morales 0-0: Called Strike
0-1: Ball
1-1: DOUBLE (Flyball, 89D, EV 92.5 MPH)
Batting: RHB Heitor Bulho 0-0: Called Strike
Passed Ball!
Ramon Morales to third
0-1: Ball
1-1: Ball
2-1: Foul Ball, location: 2F
2-2: Ball
3-2: Base on Balls
Batting: LHB Franklin Sanchez 0-0: Ground out U3 (Groundball, 3, EV 81.3 MPH)
Top of the 9th over - 0 runs, 1 hit, 0 errors, 2 left on base; Grand Junction 16 - Missoula 0
BOTTOM OF THE 9TH
Missoula Osprey batting - Pitching for Grand Junction Rockies : RHP Willie Sotelo
Now at C: Ramon Morales
Batting: LHB Tim West 0-0: Ball
1-0: DOUBLE (Line Drive, 3D, EV 106.3 MPH)
Batting: LHB Chris Coleman 0-0: Called Strike
0-1: Ground out 1-3 (Groundball, 34S, EV 75.0 MPH)
Tim West to third
Batting: LHB Johnny Cabrera 0-0: Ball
1-0: Ball
2-0: Called Strike
2-1: Foul Ball, location: 2F
2-2: Ball
3-2: Base on Balls
Batting: RHB Hang-ki Yin 0-0: Called Strike
0-1: Ground out 5-3 (Groundball, 56S, EV 65.0 MPH)
Tim West scores
Johnny Cabrera to second
Batting: RHB Michael Johnston 0-0: Ground out 4-3 (Groundball, 4, EV 76.3 MPH)
Bottom of the 9th over - 1 run, 1 hit, 0 errors, 1 left on base; Grand Junction 16 - Missoula 1
Thursday, March 31st , 2022 - OOTP Baseball 22.12 Build 89